 Dungeon Crawl Stone Soup version 0.31-a0-161-gb58dd9be76 (webtiles) character file.

Game seed: 9354512289495932060

16 Armakuni the Trooper (level 2, 23/23 HPs)
             Began as a Human Wanderer on June 10, 2023.
             Quit the game on level 1 of the Dungeon on June 13, 2023.
             The game lasted 00:04:23 (588 turns).

Armakuni the Trooper (Human Wanderer)                Turns: 588, Time: 00:04:24

Health: 23/23      AC:  2    Str: 11    XL:     2   Next: 75%
Magic:  3/3        EV: 11    Int: 16    God:
Gold:   0          SH:  0    Dex:  9    Spells: 0/3 levels left

rFire   . . .        a - +0 dagger
rCold   . . .        (no shield)
rNeg    . . .        d - +0 robe
rPois   .            (no helmet)
rElec   .            (no cloak)
rCorr   .            (no gloves)
SInv    .            (no boots)
Will    .....        (no amulet)
Stlth   +            (no ring)
HPRegen 0.23/turn    (no ring)
MPRegen 0.08/turn

%: no passive effects
@: no status effects
A: no striking features
a: no special abilities


You were on level 1 of the Dungeon.
You visited 1 branch of the dungeon, and saw 1 of its levels.

Inventory:

Hand Weapons
 a - a +0 dagger (weapon)
Missiles
 b - 8 poisoned darts
 g - 10 boomerangs (quivered)
Armour
 d - a +0 robe (worn)
Scrolls
 e - a scroll of blinking {unknown}
 f - a scroll of fear {unknown}
 h - a scroll of identify {unknown}
Potions
 c - a potion of lignification


   Skills:
 + Level 2.8 Fighting
 - Level 1.0 Short Blades
 - Level 2.0 Throwing
 - Level 1.0 Dodging
 - Level 1.0 Spellcasting
 - Level 2.0 Hexes
 - Level 2.0 Necromancy


You couldn't memorise any spells.
You knew the following spells:

 Your Spells              Type           Power      Damage    Failure   Level
h - Slow                  Hex            28%        N/A       10%         1
s - Momentum Strike       Conj/Tloc      0%         3d8       34%         2

Your spell library contained the following spells:

 Spells                   Type           Power      Damage    Failure   Level
 Sublimation of Blood     Necr           7%         N/A       16%         2
 Cigotuvi's Dreadful Rot  Necr/Pois/Air  4%         N/A       26%         2
 Blink                    Tloc           0%         N/A       34%         2
 Lesser Beckoning         Tloc           0%         N/A       34%         2
 Dazzling Flash           Conj/Hex       8%         N/A       41%         3
 Summon Guardian Golem    Hex/Summ       4%         N/A       41%         3


Dungeon Overview and Level Annotations

Branches:
Dungeon (1/15)

Altars:


Message History

Press: ? - help, Shift-Dir - straight line, f/p - quokka
Aim: a quokka (chance to affect: 58%)
The quokka seems to slow down.
The quokka closely misses you.
Unknown command.
It was a potion of might.
You feel very mighty all of a sudden. The quokka bites you.
* * * LOW HITPOINT WARNING * * *
Okay, then.
Unknown command.
You closely miss the quokka. The quokka closely misses you.
You closely miss the quokka. You puncture the quokka!
You kill the quokka!
You puncture the endoplasm!
You kill the endoplasm!
You start resting.
Magic restored.
You feel a little less mighty now.
HP restored.
You open the large door.
Found an escape hatch in the floor.
Found a sling.
f - a scroll labelled WAOSYT XERU You see here a +0 sling.
Found a mace.
Found a leather armour.
h - a scroll labelled UNLENOEMNE Unknown command.
Search for what [? for help]?
Okay, then.
Unknown command.
Saving game... please wait.
Welcome back, Armakuni the Human Wanderer.
Press ? for a list of commands and other information.
Welcome back, Armakuni the Human Wanderer.
Press ? for a list of commands and other information.
Unknown command.
Okay, then.
Are you sure you want to abandon this character and quit the game? (Confirm with "yes".)

#..............
######..######
#########..#
#..........#
#..........######
#............†...
################..
#..[.# #.. #@...# #..
#....# #.. #....# #..
#....###########..
##....#............
###.....#............
##...................#
##....................#
#...8..........)......#


There were no monsters in sight!

Vanquished Creatures
  3 bats (D:1)
  2 endoplasms (D:1)
  A giant cockroach (D:1)
  2 hobgoblins (D:1)
  2 quokkas (D:1)
  2 frilled lizards (D:1)
  2 goblins (D:1)
14 creatures vanquished.

Notes
Turn   | Place    | Note
-------+----------+-------------------------------------------
     0 | D:1      | Armakuni the Human Wanderer began the quest for the Orb.
     0 | D:1      | Armakuni set off with the following items: a +0 dagger, 9
                  | poisoned darts, a potion of lignification, a +0 robe; and
                  | the following spell memorised: Slow; and the following
                  | spells available to memorise: Sublimation of Blood,
                  | Cigotuvi's Dreadful Rot, Dazzling Flash, Summon Guardian
                  | Golem.
     0 | D:1      | Reached XP level 1. HP: 16/16 MP: 2/2
   150 | D:1      | Reached skill level 1 in Short Blades
   165 | D:1      | Reached XP level 2. HP: 9/22 MP: 3/3
   286 | D:1      | Learned a level 2 spell: Momentum Strike
   588 | D:1      | Upgraded the game from 0.31-a0-152-g6aa68a64a1 to
                  | 0.31-a0-161-gb58dd9be76
   588 | D:1      | Quit the game

Illustrated notes

Levels and vault maps discovered:
D:1:      heliophobic_arrival_glass_houses, layout_basic,
          hangedman_abyss_or_decor_stabs, serial_park_tiny_pond,
          supply_closet_lemuel, amcnicky_mini_corridor_feature

Skill      XL: |  1 |
---------------+----+-----
Short Blades   | 1 |  1.0
Fighting       | |  2.8
Throwing       | |  2.0
Dodging        | |  1.0
Spellcasting   | |  1.0
Hexes          | |  2.0
Necromancy     | |  2.0

Action                     || total
---------------------------++-------
  Melee: Dagger            ||    95
         Punch             ||     2
  Throw: Dart              ||    13
         Boomerang         ||     1
   Cast: Slow              ||     6
    Use: Potion            ||     1
 Armour: Robe              ||    34
  Dodge: Dodged            ||    66

Table legend: (Time is in decaauts)
 A = Elapsed time spent in this place.
 B = Non-inter-level travel time spent in this place.
 C = Inter-level travel time spent in this place.
 D = Time resting spent in this place.
 E = Time spent auto-exploring this place.
 F = Levels seen in this place.
 G = Mean time per level.
                   A        B        C        D        E       F      G
               +--------+--------+--------+--------+--------+-----+--------+
         Total |    582 |    582 |      0 |     92 |    293 |   1 |  582.0 |
       Dungeon |    582 |    582 |      0 |     92 |    293 |   1 |  582.0 |
               +--------+--------+--------+--------+--------+-----+--------+

Top non-repeatable levels by time:
     D:1: 582 daAuts
